 Dungeon Crawl Stone Soup version bcrawl-1.32 (webtiles) character file.

Game seed: 7401500861300507480

329891 Morbidden the Grappler (level 10, -4/94 HPs)
             Began as a Troll Archaeologist on June 27, 2021.
             Was a Believer of Qazlal.
             Slain by an orc warrior
             ... wielding a +0 war axe
              (9 damage)
             ... on level 8 of the Dungeon.
             The game lasted 00:11:12 (8233 turns).

Morbidden the Grappler (Troll Archaeologist)        Turns: 8233, Time: 00:11:13

Health: -4/94      AC: 10    Str: 21    XL:     10   Next: 49%
Magic:  11/11      EV: 11    Int: 14    God:    Qazlal [**....]
Gold:   330        SH:  3    Dex:  8    Spells: 8/11 levels left

rFire    . . .     SeeInvis +     - Claws (26.7)
rCold    . . .     Gourm    +   (no shield)
rNeg     . . .     Faith    .   (armour unavailable)
rPois    .         Spirit   .   y - +2 hat
rElec    .         Reflect  .   (no cloak)
rCorr    .         Harm     .   (gloves unavailable)
MR       .....                  (boots unavailable)
Stlth    +.........             (no amulet)
HPRegen  0.65/turn              G - ring of see invisible
MPRegen  0.12/turn              (no ring)

@: no status effects
A: large, almost no armour, claws 3, fast metabolism 3, gourmand, regeneration
1, AC +8
a: Upheaval, Renounce Religion


You were on level 8 of the Dungeon.
You worshipped Qazlal.
Qazlal was pleased with you.
You were full.

You visited 2 branches of the dungeon, and saw 10 of its levels.
You also visited: Sewer.

You collected 566 gold pieces.
You spent 236 gold pieces at shops.

Inventory:

Hand Weapons
 b - a +0 hunting sling
 s - a +0 blowgun
 N - a +3 scimitar of flaming
Missiles
 a - 3025 stones (quivered)
 d - 6 curare-tipped needles
 j - 235 poisoned needles
 o - 107 javelins
 p - 888 sling bullets
 r - 42 large rocks
 J - a throwing net {=f}
Armour
 y - a +2 hat (worn)
Jewellery
 G - a ring of see invisible (left claw)
Wands
 c - a wand of acid (8)
 f - a wand of clouds (8)
 x - a wand of enslavement (9)
 K - a wand of flame (31)
 M - a wand of polymorph (13)
Scrolls
 h - 2 scrolls of noise {unknown}
 i - 6 scrolls of identify
 l - 8 scrolls of teleportation {unknown}
 m - 7 scrolls of remove curse {unknown}
 n - 2 scrolls of fog {unknown}
 q - 5 scrolls of amnesia {unknown}
 u - 4 scrolls of blinking {unknown}
 v - a scroll of enchant armour {unknown}
 F - 2 scrolls of magic mapping
 L - 3 scrolls of silence {unknown}
Potions
 g - a potion of magic {unknown}
 k - a potion of mutation {unknown}
 t - a potion of agility
 w - 6 potions of flight
 z - 4 potions of heal wounds
 A - a potion of resistance {unknown}
 B - 2 potions of might {unknown}
 C - 2 potions of haste
 D - a potion of berserk rage
 E - 3 potions of curing
 I - 2 potions of brilliance {unknown}
Comestibles
 e - 20 rations {!d}


   Skills:
 * Level 4.4 Fighting
   Level 1.0 Maces & Flails
 + Level 2.6(3.5) Slings
 * Level 4.6(5.3) Throwing
 * Level 5.7 Dodging
 - Level 2.2 Stealth
 * Level 10.1 Unarmed Combat
 * Level 1.1 Spellcasting
 * Level 1.4 Charms
 * Level 1.5 Necromancy
 * Level 3.6 Invocations


You had 8 spell levels left.
You knew the following spells:

 Your Spells              Type           Power        Failure   Level  Hunger
a - Regeneration          Chrm/Necr      #.........   38%         3    #####..

Your spell library contained the following spells:

 Spells                   Type           Power        Failure   Level  Hunger
 Infusion                 Chrm           #.......     14%         1    None
 Song of Slaying          Chrm           #.......     22%         2    ###....
 Magic Dart               Conj           #...         26%         1    None
 Swiftness                Chrm/Air       #.......     28%         2    ###....
 Blink                    Tloc           N/A          36%         2    ###....
 Call Imp                 Summ           #.....       36%         2    ###....
 Ozocubu's Armour         Chrm/Ice       #.......     50%         3    #####..
 Spectral Weapon          Hex/Chrm       #.......     50%         3    #####..
 Conjure Flame            Conj/Fire      #.......     61%         3    #####..
 Mephitic Cloud           Conj/Pois/Air  #.......     61%         3    #####..
 Spider Form              Tmut/Pois      #..          61%         3    #####..


Dungeon Overview and Level Annotations

Branches:
Dungeon (9/12)             Temple (1/1) D:5             Orc (0/1) D:9
   Lair: D:7-9

Altars:
Ashenzari
Fedhas
Gozag
Nemelex Xobeh
Qazlal
Uskayaw
Wu Jian
Xom
The Shining One

Shops:
D:5 !   D:6 =(

Annotations:
D:4 1 runed door
D:7 2 transporters, izumii3's ghost, journeyman CeBe


Innate Abilities, Weirdness & Mutations

You cannot wear most types of armour.
Your thick skin is tough. (AC +8)
You are too large for most types of armour.
You have claws for hands.
Your metabolism is lightning-fast.
You like to eat raw meat.
Your natural rate of healing is unusually fast.


Message History

No path to travel!
The orc warrior hits you with a +0 war axe.
The orc warrior hits you with a +0 war axe.
* * * LOW HITPOINT WARNING * * *
The orc warrior hits you with a +0 war axe!
* * * LOW HITPOINT WARNING * * *
You block the orc warrior's attack.
You claw the orc warrior!
The orc warrior is heavily wounded.
The orc warrior hits you with a +0 war axe!
* * * LOW HITPOINT WARNING * * *
You closely miss the orc warrior.
The orc warrior is heavily wounded.
Unknown command.
You scratch the orc warrior.
The orc warrior is heavily wounded.
The orc warrior hits you with a +0 war axe!
* * * LOW HITPOINT WARNING * * *
The orc warrior hits you with a +0 war axe!
You die...

#.##.#...)(#.######.# ###.#
#.##.##...##.# #.# #.#
#.##.###.###.# #.# #.#
#.##.###.###.######.# #.#
#.##.##...##........# #.#
#.##.#.###.#..#####.# #.#
..##..## ##...#####.# #.#
.###..# #.....o##.# #.# .#
##.## ##.####@##.## #.# .##
##.###.####o.....####.#
..#####...##..............#
.............#.......######
..#########....#.##)## .##
#.####.##.# .# #.# #.##.#
.# #.# #.##.# .#
#.####.##.#


You could see 2 orc warriors.

Vanquished Creatures
  Erica (D:8)
  A tengu warrior (D:8)
  Joseph (D:8)
  2 hippogriffs
  A shadow (D:7)
  Eustachio (D:6)
  A crocodile (D:7)
  4 ice beasts
  2 orc warriors
  A necrophage (D:5)
  A phantom (D:4)
  4 sky beasts
  4 ogres
  2 centaurs
  3 big kobolds (Sewer)
  5 bullfrogs
  A water moccasin zombie (D:5)
  2 scorpions (D:6)
  3 howler monkeys
  2 crimson imps
  3 hounds
  A quasit (D:7)
  A jelly (D:7)
  2 orc priests (D:4)
  2 bullfrog skeletons
  2 iguanas
  4 orc wizards
  4 worker ants
  A hound zombie (D:6)
  Robin (D:4)
  11 gnolls
  11 adders
  A river rat (Sewer)
  3 oozes
  An adder skeleton (D:4)
  5 worms
  3 dart slugs (D:1)
  2 leopard geckos
  19 orcs
  4 ball pythons
  7 bats
  5 giant cockroaches
  17 goblins
  16 hobgoblins
  17 jackals
  4 quokkas
  3 frilled lizards
  15 kobolds
  A quokka skeleton (D:4)
  A quokka zombie (D:5)
  9 rats
218 creatures vanquished.

Notes
Turn   | Place    | Note
-------+----------+-------------------------------------------
     0 | D:1      | Morbidden the Troll Archaeologist began the quest for the
                  | Orb.
     0 | D:1      | Reached XP level 1. HP: 18/18 MP: 0/0
    97 | D:1      | Reached XP level 2. HP: 19/26 MP: 1/1
   346 | D:1      | Reached skill level 1 in Fighting
   524 | D:1      | Reached skill level 1 in Unarmed Combat
   524 | D:1      | Reached XP level 3. HP: 33/33 MP: 2/2
  1141 | D:2      | Gained mutation: Your natural rate of healing is unusually
                  | fast. [Troll growth]
  1141 | D:2      | Reached XP level 4. HP: 35/41 MP: 3/3
  1142 | D:2      | Reached skill level 2 in Unarmed Combat
  2352 | D:3      | Reached skill level 1 in Throwing
  2452 | D:3      | Reached XP level 5. HP: 39/48 MP: 4/4
  2452 | D:3      | Identified a scroll of acquirement
  2452 | D:3      | Identified the +1 medium shield of the Slightly Bent {rElec
                  | rC+ Str-3} (You acquired it on level 3 of the Dungeon)
  2452 | D:3      | Identified the amulet of Darafraf {Gourm rPois} (You
                  | acquired it on level 3 of the Dungeon)
  2553 | D:3      | Reached skill level 1 in Slings
  2553 | D:3      | Found a shimmering altar of Xom.
  3010 | D:3      | Reached skill level 3 in Unarmed Combat
  3010 | D:3      | Reached XP level 6. HP: 32/57 MP: 5/5
  3104 | D:4      | Noticed a sky beast
  3128 | D:4      | Killed a sky beast
  3319 | D:4      | Noticed Robin
  3350 | D:4      | Killed Robin
  3723 | D:4      | Reached XP level 7. HP: 64/65 MP: 6/6
  3779 | D:4      | Found a blossoming altar of Fedhas.
  3813 | D:4      | Reached skill level 4 in Unarmed Combat
  3956 | D:4      | Found a runed door.
  4205 | D:5      | Entered Level 5 of the Dungeon
  4224 | D:5      | Reached skill level 5 in Unarmed Combat
  4427 | D:5      | Found a staircase to the Ecumenical Temple.
  4436 | Temple   | Entered the Ecumenical Temple
  4442 | Temple   | Became a worshipper of Qazlal Stormbringer
  4454 | D:5      | Found Janwaps's Distillery.
  4455 | D:5      | Found a glowing drain.
  4465 | Sewer    | Entered a sewer
  4604 | Sewer    | Reached XP level 8. HP: 74/74 MP: 7/7
  4730 | Sewer    | Reached skill level 6 in Unarmed Combat
  4807 | D:5      | Reached * piety under Qazlal
  4840 | D:5      | Reached skill level 1 in Invocations
  5159 | D:5      | Bought a potion of heal wounds for 55 gold pieces
  5159 | D:5      | Bought 2 potions of heal wounds for 110 gold pieces
  5159 | D:5      | Bought a potion of curing for 27 gold pieces
  5159 | D:5      | Bought a potion of flight for 44 gold pieces
  5650 | D:5      | Reached skill level 7 in Unarmed Combat
  5778 | D:6      | Found Avasmilu's Weapon Boutique.
  5851 | D:6      | Noticed a hippogriff
  5860 | D:6      | Reached XP level 9. HP: 83/83 MP: 9/9
  5866 | D:6      | Reached skill level 8 in Unarmed Combat
  6130 | D:6      | Reached skill level 5 in Dodging
  6171 | D:6      | Found Zipoituci's Jewellery Emporium.
  6179 | D:6      | Noticed Eustachio
  6245 | D:6      | Killed Eustachio
  6511 | D:7      | Reached skill level 9 in Unarmed Combat
  6543 | D:7      | Reached ** piety under Qazlal
  6770 | D:7      | Learned a level 3 spell: Regeneration
  6794 | D:7      | Noticed izumii3's ghost (journeyman CeBe)
  6795 | D:7      | Found a transporter.
  6801 | D:7      | Found a transporter.
  6856 | D:7      | Reached XP level 10. HP: 69/93 MP: 11/11
  7271 | D:8      | Noticed a tengu warrior
  7290 | D:8      | Killed a tengu warrior
  7291 | D:8      | Reached skill level 1 in Charms
  7291 | D:8      | Reached skill level 1 in Necromancy
  7425 | D:8      | Noticed Joseph
  7443 | D:8      | Killed Joseph
  7444 | D:8      | Found a glowing golden altar of the Shining One.
  7532 | D:8      | Noticed Erica
  7563 | D:8      | Killed Erica
  7564 | D:8      | Reached skill level 10 in Unarmed Combat
  7564 | D:8      | Reached skill level 1 in Spellcasting
  8115 | D:9      | Found a staircase to the Orcish Mines.
  8233 | D:8      | Slain by an orc warrior

Skill      XL: |  1  2  3  4  5  6  7  8  9 10 |
---------------+-------------------------------+-----
Fighting       | 1 2 3 4 |  4.4
Stealth        | 2 |  2.2
Unarmed Combat | 1 2 3 5 7 9 10 | 10.1
Dodging        | 3 4 5 |  5.7
Throwing       | 1 2 3 4 |  4.6
Slings         | 1 2 |  2.6
Invocations    | 1 3 |  3.6
Charms         | 1 |  1.4
Necromancy     | 1 |  1.5
Spellcasting   | 1 |  1.1
Maces & Flails | |  1.0

Action                   |  1- 3 |  4- 6 |  7- 9 | 10-12 || total
-------------------------+-------+-------+-------+-------++-------
Melee: Unarmed           |    89 |   195 |   367 |    79 ||   730
       Punch             |     1 |     4 |     9 |     3 ||    17
 Fire: Hunting sling     |       |    89 |    37 |     8 ||   134
Throw: Stone             |    16 |    12 |       |    11 ||    39
Evoke: Wand              |       |       |     1 |       ||     1
  Use: Scroll            |       |     1 |     1 |       ||     2
       Potion            |       |       |       |     1 ||     1
 Stab: Sleeping          |     4 |     2 |       |       ||     6
  Eat: Chunk             |    14 |    24 |    28 |     7 ||    73
Armor: Skin              |    33 |    69 |   186 |    21 ||   309
Dodge: Dodged            |    33 |   116 |   175 |    35 ||   359
Block: Other             |       |       |    11 |     8 ||    19
